 Dungeon Crawl Stone Soup version 0.18.0-1-g0107ab7 (webtiles) character file.

97722 Tarnath the Slicer (level 15, -8/77 HPs)
             Began as a Spriggan Enchanter on May 5, 2016.
             Was a High Priest of Dithmenos.
             Mangled by a naga warrior
             ... wielding a +0 trident
              (20 damage)
             ... on level 1 of the Snake Pit.
             The game lasted 02:15:22 (28916 turns).

Tarnath the Slicer (Spriggan Enchanter)            Turns: 28916, Time: 02:15:23

Health: -8/77      AC: 12    Str:  6    XL:     15   Next: 72%
Magic:  23/31      EV: 26    Int: 25    God:    Dithmenos [*****.]
Gold:   1149       SH:  8    Dex: 18    Spells: 11 memorised, 2 levels left

rFire  + . .     SeeInvis +     b - +0 rapier (venom)
rCold  + + .     Gourm    .     g - +2 robe {rC+ rF+}
rNeg   . . .     Faith    .     Y - +0 buckler {AC+3}
rPois  +         Spirit   .     H - +1 hat {Int+3}
rElec  .         Dismiss  .     T - +2 cloak
rCorr  .         Reflect  .     (gloves unavailable)
SustAt .         Harm     .     (boots unavailable)
MR     ++...                    j - amulet of magic regeneration
Stlth  +++++++++.               B - ring of poison resistance
                                l - ring of wizardry

@: wreathed by umbra, constricted, very quick, very resistant to hostile
enchantments, incredibly stealthy
A: unfitting armour, see invisible, cold resistance 1, herbivore 3, speed 3,
shaggy fur 1, slow metabolism 2, strong 1, wild magic 1
a: Shadow Step, Shadow Form, Renounce Religion


You were on level 1 of the Snake Pit.
You worshipped Dithmenos.
Dithmenos was extremely pleased with you.
You were not hungry.

You visited 4 branches of the dungeon, and saw 26 of its levels.
You also visited: Sewer.

You collected 2714 gold pieces.
You spent 1565 gold pieces at shops.

Inventory:

Hand Weapons
 b - a +0 rapier of venom (weapon)
Armour
 g - a +2 robe of resistance (worn)
 H - a +1 hat of intelligence (worn)
 T - a +2 cloak (worn)
 Y - a +0 buckler of protection (worn)
Jewellery
 j - an amulet of magic regeneration (around neck)
 l - a ring of wizardry (left hand)
 r - an uncursed ring of protection from magic
 A - a +4 ring of dexterity
 B - a ring of poison resistance (right hand)
Wands
 i - a wand of paralysis (16/24)
 y - a wand of slowing (28/48)
 J - a wand of digging (5/24)
 N - a wand of confusion (19/48)
Scrolls
 n - 13 scrolls of recharging
 u - 6 scrolls of identify
 x - 2 scrolls of teleportation
 z - 3 scrolls of enchant weapon
 D - 3 scrolls of fog
 E - 2 scrolls of magic mapping
 K - 5 scrolls of blinking
 P - a scroll of fear
 Q - 8 scrolls of remove curse
 U - 4 scrolls of enchant armour
 W - a scroll of brand weapon
 Z - 2 scrolls of amnesia
Potions
 e - 7 potions of might
 f - 3 potions of brilliance
 k - 6 potions of agility
 m - 14 potions of curing
 o - 2 potions of invisibility
 p - 9 potions of flight
 s - 3 potions of cure mutation
 t - 4 potions of heal wounds
 v - a potion of cancellation
 F - 6 potions of haste
 R - a potion of magic
 S - 5 potions of resistance
Books
 a - an Akashic Record

   Spells                             Type                      Level
   a - Dispersal                      Translocation                6
   b - Malign Gateway                 Summoning/Translocation      7
   c - Disjunction                    Translocation                8
   d - Controlled Blink               Translocation                8
 q - a book of Party Tricks

   Spells                             Type                      Level
   a - Summon Butterflies             Summoning                    1
   b - Apportation                    Translocation                1
   c - Tukima's Dance                 Hexes                        3
   d - Alistair's Intoxication        Transmutation/Poison         5
   e - Invisibility                   Hexes                        6
 L - a Grand Grimoire

   Spells                             Type                      Level
   a - Monstrous Menagerie            Summoning                    7
   b - Summon Greater Demon           Summoning                    7
   c - Malign Gateway                 Summoning/Translocation      7
   d - Summon Horrible Things         Summoning                    8
 V - a book of Frost

   Spells                             Type                      Level
   a - Freeze                         Ice                          1
   b - Throw Frost                    Conjuration/Ice              2
   c - Ozocubu's Armour               Charms/Ice                   3
   d - Throw Icicle                   Conjuration/Ice              4
   e - Summon Ice Beast               Ice/Summoning                4
 X - a book of Summonings

   Spells                             Type                      Level
   a - Recall                         Summoning/Translocation      3
   b - Aura of Abjuration             Summoning                    5
   c - Summon Demon                   Summoning                    5
   d - Summon Forest                  Summoning/Translocation      5
   e - Summon Mana Viper              Hexes/Summoning              5
   f - Shadow Creatures               Summoning                    6
Miscellaneous
 c - a stone of tremors
 h - a sack of spiders {used: 2}
 C - a box of beasts
 I - a fan of gales
 O - a phantom mirror
Comestibles
 d - 18 bread rations
 w - 14 royal jellies
 G - 3 fruits
 M - 7 slices of pizza


   Skills:
 + Level 8.0 Fighting
 * Level 13.8 Short Blades
 - Level 12.2 Dodging
 + Level 13.3 Stealth
 - Level 7.2 Shields
 + Level 11.7 Spellcasting
 * Level 9.5 Hexes
 - Level 3.1 Summonings
 - Level 7.0 Translocations
 - Level 5.2 Ice Magic
 - Level 11.1 Invocations


You had 2 spell levels left.
You knew the following spells:

 Your Spells              Type           Power        Failure   Level  Hunger
a - Corona                Hex            ######.      1%          1    None
d - Confuse               Hex            ######..     1%          3    None
e - Summon Ice Beast      Ice/Summ       #####...     6%          4    None
f - Dazzling Spray        Conj/Hex       ######..     1%          3    None
g - Tukima's Dance        Hex            ######..     1%          3    None
j - Apportation           Tloc           ######....   1%          1    None
q - Summon Butterflies    Summ           #####...     1%          1    None
s - Ensorcelled Hibernat  Hex/Ice        ######       1%          2    None
w - Summon Mana Viper     Hex/Summ       ######..     7%          5    ###....
x - Invisibility          Hex            ######..     10%         6    #####..
y - Dispersal             Tloc           ######....   22%         6    #####..


Dungeon Overview and Level Annotations

Branches:
Dungeon (15/15)            Temple (0/1) D:7            Lair (8/8) D:11
 Shoals (0/4) Lair:4        Snake (1/4) Lair:5        Slime (0/6) Lair:7
    Orc (2/2) D:11            Elf (0/3) Orc:2        Vaults (0/5) D:14
 Depths (0/5) D:15

Altars:
Ashenzari
Dithmenos
Elyvilon
Makhleb
Ru
Sif Muna
Trog
Vehumet
Xom
Yredelemnul
Zin
The Shining One
Jiyva

Shops:
D:5 (!!}*   D:10 !   D:15 %   Orc:2 :(*[=   Snake:1 [

Annotations:
Lair:1 exclusion: ice statue


Innate Abilities, Weirdness & Mutations

You are tiny and cannot use many weapons and most armour.
You have supernaturally acute eyesight.
You are a herbivore.
You cover ground extremely quickly.
You need consume almost no food.
Your flesh is cold resistant.
You are covered in fur (AC +1).
Your muscles are strong. (Str +2)
Your spells are a little harder to cast, but a little more powerful.


Message History

Confirm with . or Enter, or press ? or * to list all spells.
Aiming: Ensorcelled Hibernation
Press: ? - help, Shift-Dir - straight line, f/p - naga mage
Aim: a naga mage, wielding a spear (constricting you, umbra, chance to defeat MR: 37%)
The naga mage easily resists.
Your shadow mimicks your spell!
The naga mage resists with almost no effort.
The greater naga barely misses you. The naga mage hits you with a spear!
The naga mage constricts you.
Casting: Ensorcelled Hibernation
Confirm with . or Enter, or press ? or * to list all spells.
Aiming: Ensorcelled Hibernation
Press: ? - help, Shift-Dir - straight line, f/p - naga mage
Aim: a naga mage, wielding a spear (constricting you, umbra, chance to defeat MR: 37%)
The naga mage easily resists.
The greater naga hits you from afar with a halberd!!
* * * LOW HITPOINT WARNING * * *
You emit a cloud of dark smoke.
The naga warrior hits you from afar with a trident!!
You die...

######## ##......##
# #........## #
#.........# #
##........# #
##)......# #
##......# #
#####'####
#.§@NN##############
#.§##N.....§....N..N
#..##.........####..
#<.############ #.#
##''## #.# #.(..##
##.# #.....## #...
#......## #...
#.......## #..#


You could see a naga warrior, a greater naga and a naga mage.

Vanquished Creatures
  Gastronok (Lair:3)
  2 orc warlords
  Nessos (D:15)
  2 ettins
  Snorg (D:11)
  Harold (Lair:3)
  The ghost of Torax the Basher, a journeyman NaFi of Dithmenos (D:11)
  4 hydras
  A naga warrior (Snake:1)
  An ice dragon (Lair:1)
  2 anacondas (Snake:1)
  An ogre mage (D:15)
  2 centaur warriors
  An orc high priest (Orc:2)
  A deep elf knight (D:15)
  A shock serpent (Snake:1)
  3 tengu warriors (D:15)
  Sonja (Lair:2)
  An unseen horror (D:13)
  A fire crab (Lair:6)
  Pikel (D:4)
  A lindwurm (Lair:8)
  7 hill giants
  7 orc knights (Orc:2)
  A wizard (D:14)
  A deep elf mage (D:13)
  A griffon (D:15)
  6 orc sorcerers
  7 cyclopes
  2 wolf spider zombies
  2 ugly things
  2 manticores
  A mana viper (Snake:1)
  2 salamanders (Snake:1)
  7 elephants
  The ghost of no0bjke the Skirmisher, a novice GrBe of Trog (D:7)
  Maurice (D:11)
  6 black mambas
  6 centaur zombies
  Psyche (D:10)
  8 spiny frogs
  An efreet (D:15)
  7 komodo dragons
  A kobold demonologist (D:13)
  2 rime drakes
  A tengu conjurer (D:14)
  2 spriggan druids
  12 trolls
  10 polar bears
  2 two-headed ogres
  A queen bee (Lair:2)
  25 blink frogs
  A two-headed ogre (shapeshifter) (D:15)
  5 slime creatures (D:13)
  2 boulder beetles
  13 spriggans (Lair:8)
  A shadow (D:15)
  2 wraiths (D:15)
  4 wyverns
  8 redbacks (Lair:8)
  3 vampires
  A hungry ghost (D:13)
  35 yaks
  2 vampire mosquitoes (D:15)
  8 hippogriffs
  6 wargs
  Edmund (D:6)
  4 nagas
  12 water moccasins
  Duvessa (D:6)
  34 orc warriors
  11 porcupines
  22 ogres
  2 sky beasts (D:5)
  4 black bears
  11 ice beasts
  6 wasps
  2 eyes of draining
  A phantom (D:13)
  3 slaves (D:4)
  3 boggarts (D:15)
  8 centaurs
  22 wolves
  11 crocodiles
  4 big kobolds
  An elf zombie (D:15)
  Blork the orc (D:6)
  16 giant frogs
  A gnoll sergeant (D:11)
  A wyvern zombie (D:10)
  Dowan (D:6)
  An elf skeleton (D:15)
  4 scorpions
  51 killer bees
  2 howler monkeys (D:10)
  An electric eel (Lair:7)
  20 wights
  7 crimson imps
  4 hounds
  A quasit (D:11)
  4 jellies
  A giant frog zombie (D:8)
  4 human zombies (D:15)
  5 giant frog skeletons
  15 orc priests
  4 centaur skeletons
  Jessica (D:2)
  12 worker ants
  Natasha (thrice) (D:2)
  7 iguanas
  22 orc wizards
  A human skeleton (D:15)
  4 hell rats (Lair:6)
  10 sheep
  A hound zombie (D:10)
  2 mummies (D:15)
  A worker ant zombie (D:9)
  8 gnolls
  22 adders
  109 river rats
  3 shadow imps
  2 white imps (Lair:1)
  2 adder skeletons (D:4)
  3 worms
  A dart slug (D:1)
  11 giant geckos
  68 orcs
  2 ball pythons (Sewer)
  8 bats
  5 giant cockroaches
  12 goblins
  12 hobgoblins
  7 jackals (D:1)
  3 quokkas
  11 giant newts
  A jackal zombie (D:7)
  41 kobolds
  A quokka skeleton (D:4)
  A quokka zombie (D:8)
  33 rats
992 creatures vanquished.

Vanquished Creatures (collateral kills)
  An orc (D:11)
1 creature vanquished.

Vanquished Creatures (others)
  A river rat (Lair:7)
  An orc (Orc:2)
  A bush (Lair:2)
  23 fungi
  4 plants
30 creatures vanquished.

Grand Total: 1023 creatures vanquished

Notes
Turn   | Place    | Note
--------------------------------------------------------------
     0 | D:1      | Tarnath the Spriggan Enchanter began the quest for the Orb.
     0 | D:1      | Reached XP level 1. HP: 9/9 MP: 5/5
   234 | D:1      | Reached XP level 2. HP: 3/13 MP: 4/6
   238 | D:1      | Learned a level 2 spell: Ensorcelled Hibernation
  1162 | D:1      | Reached XP level 3. HP: 3/16 MP: 4/8
  1197 | D:1      | Learned a level 3 spell: Confuse
  1678 | D:2      | Noticed Jessica
  1686 | D:2      | Killed Jessica
  1686 | D:2      | Reached skill level 5 in Stealth
  1686 | D:2      | Reached XP level 4. HP: 18/21 MP: 6/9
  1709 | D:2      | Reached skill level 1 in Ice Magic
  1847 | D:2      | Noticed Natasha
  1852 | D:2      | Killed Natasha
  1913 | D:2      | Reached XP level 5. HP: 12/24 MP: 6/10
  1985 | D:2      | Noticed Natasha
  2009 | D:2      | Killed Natasha
  2297 | D:2      | Reached skill level 5 in Hexes
  2370 | D:2      | Noticed Natasha
  2377 | D:2      | Killed Natasha
  2729 | D:3      | Found a glowing drain.
  2737 | Sewer    | Entered a sewer
  2918 | Sewer    | Reached XP level 6. HP: 18/28 MP: 1/11
  3983 | D:3      | Found a glowing golden altar of the Shining One.
  4142 | D:3      | Found a shattered altar of Ashenzari.
  4500 | D:4      | Noticed a slave
  4500 | D:4      | Noticed a slave
  4634 | D:4      | Found a white marble altar of Elyvilon.
  4636 | D:4      | Found a basalt altar of Yredelemnul.
  4696 | D:4      | Found a shimmering altar of Xom.
  4700 | D:4      | Found a glowing silver altar of Zin.
  4717 | D:4      | Reached XP level 7. HP: 21/32 MP: 12/12
  4957 | D:4      | Noticed Pikel
  5124 | D:4      | Killed Pikel
  5124 | D:4      | Reached skill level 5 in Short Blades
  5124 | D:4      | Reached skill level 5 in Dodging
  5124 | D:4      | Reached XP level 8. HP: 25/36 MP: 4/13
  5817 | D:5      | Entered Level 5 of the Dungeon
  5817 | D:5      | Found Duhiavise's Distillery.
  5922 | D:5      | Found Ukurgh's Distillery.
  5954 | D:5      | Found Ecut's Weapon Shop.
  6054 | D:5      | Found Esorphuf's Gadget Boutique.
  6452 | D:5      | Found Vibaz's Assorted Antiques.
  6760 | D:4      | Found a radiant altar of Vehumet.
  6786 | D:6      | Found a radiant altar of Vehumet.
  6798 | D:6      | Found a burning altar of Makhleb.
  6981 | D:6      | Learned a level 1 spell: Summon Butterflies
  7059 | D:6      | Reached skill level 5 in Spellcasting
  7248 | D:6      | Noticed Duvessa
  7249 | D:6      | Noticed Dowan
  7262 | D:6      | Killed Duvessa
  7269 | D:6      | Killed Dowan
  7288 | D:6      | Noticed Edmund
  7292 | D:6      | Noticed Blork the orc
  7298 | D:6      | Killed Edmund
  7298 | D:6      | Reached XP level 9. HP: 31/39 MP: 3/18
  7301 | D:6      | Killed Blork the orc
  7406 | D:6      | Found a shadowy altar of Dithmenos.
  7409 | D:6      | Became a worshipper of Dithmenos the Shadowed
  8060 | D:7      | Found a deep blue altar of Sif Muna.
  8119 | D:7      | Learned a level 3 spell: Dazzling Spray
  8129 | D:7      | Learned a level 5 spell: Summon Mana Viper
  8263 | D:7      | Noticed no0bjke's ghost (novice GrBe)
  8289 | D:7      | Killed no0bjke's ghost
  8443 | D:7      | Found a staircase to the Ecumenical Temple.
  8590 | D:7      | Reached skill level 1 in Summonings
  8624 | D:7      | Found a bloodstained altar of Trog.
  8775 | D:8      | Reached * piety under Dithmenos
  9039 | D:8      | Found a sacrificial altar of Ru.
  9101 | D:8      | Reached XP level 10. HP: 44/44 MP: 17/22
  9312 | D:8      | Reached ** piety under Dithmenos
 10038 | D:9      | Reached skill level 1 in Invocations
 10088 | D:9      | Reached skill level 1 in Fighting
 10088 | D:9      | Reached skill level 10 in Stealth
 10461 | D:9      | Learned a level 3 spell: Tukima's Dance
 10606 | D:9      | Reached *** piety under Dithmenos
 10885 | D:10     | Entered Level 10 of the Dungeon
 10889 | D:10     | Found Uherch's Distillery.
 10893 | D:10     | Noticed a hill giant
 11222 | D:10     | Noticed Psyche
 11375 | D:10     | Killed Psyche
 11375 | D:10     | Reached XP level 11. HP: 44/50 MP: 21/24
 11422 | D:10     | Bought a potion of beneficial mutation for 525 gold pieces
 11422 | D:10     | Gained mutation: Your spells are a little harder to cast, but a little more powerful. [potion of beneficial mutation]
 11432 | D:10     | Reached skill level 10 in Dodging
 11459 | D:10     | Reached **** piety under Dithmenos
 11481 | D:10     | Killed a hill giant
 11591 | D:10     | Got a smoking robe
 11602 | D:10     | Identified the +2 robe of Makhleb's Pride {rElec rC+} (You found it on level 10 of the Dungeon)
 11911 | D:11     | Found a staircase to the Orcish Mines.
 11937 | D:11     | Reached skill level 10 in Short Blades
 12109 | D:11     | Noticed a brown ugly thing
 12110 | D:11     | Noticed Torax's ghost (journeyman NaFi)
 12125 | D:11     | Killed a brown ugly thing
 12131 | D:11     | Noticed Snorg
 12134 | D:11     | Killed Torax's ghost
 12141 | D:11     | Killed Snorg
 12205 | D:11     | Reached ***** piety under Dithmenos
 12212 | D:11     | Noticed Maurice
 12271 | D:11     | Found a burning altar of Makhleb.
 12372 | D:11     | Noticed a hill giant
 12380 | D:11     | Killed a hill giant
 12433 | D:11     | Found a staircase to the Lair.
 12477 | D:11     | Killed Maurice
 12893 | Lair:1   | Entered Level 1 of the Lair of Beasts
 12931 | Lair:1   | Reached XP level 12. HP: 56/56 MP: 26/26
 12977 | Lair:1   | Noticed an ice dragon
 12993 | Lair:1   | Reached skill level 5 in Ice Magic
 13016 | Lair:1   | Killed an ice dragon
 13016 | Lair:1   | Reached skill level 5 in Invocations
 13747 | Lair:2   | Noticed Sonja
 13755 | Lair:2   | Killed Sonja
 15065 | Lair:3   | Noticed a four-headed hydra
 15072 | Lair:3   | Killed a four-headed hydra
 15089 | Lair:3   | Noticed Harold
 15108 | Lair:3   | Killed Harold
 15108 | Lair:3   | Reached skill level 10 in Spellcasting
 15184 | Lair:3   | Reached XP level 13. HP: 56/61 MP: 17/28
 15332 | Lair:3   | Noticed Gastronok
 15351 | Lair:3   | Killed Gastronok
 15519 | Lair:3   | You fall through a shaft!
 15839 | Lair:4   | Found a staircase to the Shoals.
 17017 | Lair:5   | Reached skill level 1 in Shields
 17206 | Lair:5   | Found a staircase to the Snake Pit.
 17715 | Lair:5   | Gained mutation: You are covered in fur (AC +1). [potion of mutation]
 17715 | Lair:5   | Gained mutation: Your muscles are strong. (Str +2) [potion of mutation]
 17827 | Lair:6   | Reached skill level 5 in Fighting
 18919 | Lair:7   | Found a viscous altar of Jiyva.
 18919 | Lair:7   | Found a staircase to the Slime Pits.
 19377 | Lair:8   | Entered Level 8 of the Lair of Beasts
 19418 | Lair:8   | Reached XP level 14. HP: 68/68 MP: 27/29
 19433 | Lair:8   | Gained mutation: Your flesh is cold resistant. [potion of beneficial mutation]
 19502 | Lair:8   | Reached skill level 10 in Invocations
 19639 | Lair:8   | Reached skill level 5 in Shields
 19909 | Lair:8   | Learned a level 6 spell: Dispersal
 19964 | Lair:8   | Reached skill level 1 in Translocations
 20782 | Lair:8   | Identified a scroll of acquirement
 22267 | D:13     | Reached skill level 5 in Translocations
 23163 | D:14     | Found a gate to the Vaults.
 23590 | D:15     | Entered Level 15 of the Dungeon
 23779 | D:15     | Found Plog's Food Emporium.
 24121 | D:15     | Reached XP level 15. HP: 75/75 MP: 30/30
 24218 | D:15     | Found a basalt altar of Yredelemnul.
 24286 | D:15     | Reached ****** piety under Dithmenos
 24297 | D:15     | Noticed Nessos
 24339 | D:15     | Killed Nessos
 24714 | D:15     | Learned a level 4 spell: Summon Ice Beast
 25089 | D:15     | Found a staircase to the Depths.
 25585 | Orc:1    | Entered Level 1 of the Orcish Mines
 25815 | Orc:2    | Entered Level 2 of the Orcish Mines
 25815 | Orc:2    | Noticed an orc warlord
 26120 | Orc:1    | Killed an orc warlord
 26534 | Orc:2    | Found a staircase to the Elven Halls.
 26722 | Orc:2    | Found Kineoska's General Store.
 26722 | Orc:2    | Noticed an orc warlord
 26779 | Orc:2    | Killed an orc warlord
 26827 | Orc:2    | Bought a potion of invisibility for 120 gold pieces
 26871 | Orc:2    | Found Cixurghi's Book Shoppe.
 26879 | Orc:2    | Found Sereryuk's Antique Weapon Shoppe.
 26905 | Orc:2    | Bought a book of Party Tricks for 700 gold pieces
 26907 | Orc:2    | Learned a level 1 spell: Apportation
 26914 | Orc:2    | Learned a level 6 spell: Invisibility
 27013 | Orc:2    | Found Tamnayt's Antique Armour Shoppe.
 27129 | Orc:2    | Found Sadu's Jewellery Emporium.
 27309 | Orc:2    | Bought an uncursed ring of poison resistance for 220 gold pieces
 28144 | Snake:1  | Entered Level 1 of the Snake Pit
 28192 | Snake:1  | Found Julof's Armour Boutique.
 28362 | Snake:1  | Noticed a greater naga
 28916 | Snake:1  | Mangled by a naga warrior

Skill      XL: |  1  2  3  4  5  6  7  8  9 10 11 12 13 14 15 |
---------------+----------------------------------------------+-----
Spellcasting   | 3 5 7 8 9 10 11 | 11.7
Short Blades   | 2 3 4 5 7 8 9 11 12 13 | 13.8
Stealth        | 5 6 7 8 9 10 11 12 13 | 13.3
Hexes          | 4 5 6 7 8 9 |  9.5
Ice Magic      | 1 2 3 4 5 |  5.2
Dodging        | 4 5 7 9 10 11 12 | 12.2
Summonings     | 2 3 |  3.1
Invocations    | 3 4 7 9 10 11 | 11.1
Fighting       | 2 3 4 5 7 8 |  8.0
Shields        | 4 7 |  7.2
Translocations | 7 |  7.0

Action                   |  1- 3 |  4- 6 |  7- 9 | 10-12 | 13-15 || total
-------------------------+-------+-------+-------+-------+-------++-------
Melee: Dagger            |   166 |   291 |   151 |   508 |   335 ||  1451
       Rapier            |       |       |   114 |    38 |   795 ||   947
       Short sword       |       |       |       |    17 |       ||    17
 Cast: Corona            |    18 |    13 |     4 |       |     1 ||    36
       Ensorcelled Hiber |     4 |    49 |   103 |   217 |   315 ||   688
       Confuse           |       |     4 |    19 |    51 |    48 ||   122
       Summon Butterflie |       |       |     1 |       |     1 ||     2
       Dazzling Spray    |       |       |       |     3 |     4 ||     7
       Tukima's Dance    |       |       |       |     2 |     1 ||     3
       Summon Mana Viper |       |       |       |       |     4 ||     4
       Summon Ice Beast  |       |       |       |       |     2 ||     2
       Invisibility      |       |       |       |       |     1 ||     1
Invok: Shadow Step       |       |       |       |     5 |    20 ||    25
       Shadow Form       |       |       |       |       |     1 ||     1
Evoke: Wand              |       |       |       |     2 |     1 ||     3
       Sack of spiders   |       |       |       |       |     2 ||     2
  Use: Scroll            |     1 |    15 |    10 |     8 |     8 ||    42
       Potion            |       |       |       |     1 |     3 ||     4
 Stab: Sleeping          |    11 |    42 |    60 |   182 |   346 ||   641
       Confused          |       |     3 |    12 |    39 |    40 ||    94
       Distracted        |       |     1 |       |     5 |     6 ||    12
       Invisible         |       |       |       |     1 |     1 ||     2
  Eat: Fruit             |       |     4 |     4 |     6 |     7 ||    21
       Pizza             |       |     1 |       |       |     5 ||     6
       Royal jelly       |       |       |     1 |       |       ||     1
Armor: Robe              |    29 |    33 |    17 |    26 |    44 ||   149
Dodge: Dodged            |   192 |   216 |   203 |   434 |   812 ||  1857
Block: Buckler           |       |       |       |       |   329 ||   329
